 Dungeon Crawl Stone Soup version 0.29.1-1-gd02db6906a (webtiles) character file.

Game seed: 14522494828382526205

511 Doomgape the Ruffian (level 6, 0/55 HPs)
             Began as a Troll Transmuter on Sept 16, 2022.
             Slain by a gnoll sergeant
             ... wielding a +2 spear of freezing
              (7 damage)
             ... on level 4 of the Dungeon.
             The game lasted 00:08:31 (2908 turns).

Doomgape the Ruffian (Troll Transmuter)             Turns: 2908, Time: 00:08:32

Health: 0/55       AC:  5    Str: 21    XL:     6   Next: 99%
Magic:  8/8        EV: 10    Int:  9    God:
Gold:   221        SH:  0    Dex: 10    Spells: 8/9 levels left

rFire   . . .      SeeInvis .     - Unarmed
rCold   . . .      Faith    .   (no shield)
rNeg    + . .      Spirit   .   a - +1 robe
rPois   .          Reflect  .   (helmet restricted)
rElec   .          Harm     .   (no cloak)
rCorr   .          Rampage  .   (gloves unavailable)
Will    .....                   (boots unavailable)
Stlth   +.........              (no amulet)
HPRegen 0.98/turn               g - ring of positive energy
MPRegen 0.11/turn               (no ring)

@: no status effects
A: large, unfitting armour, claws 3, regeneration 1, shaggy fur 1, tough skin 1
a: no special abilities


You were on level 4 of the Dungeon.
You visited 1 branch of the dungeon, and saw 4 of its levels.

You collected 221 gold pieces.

Inventory:

Armour
 a - a +1 robe (worn)
Jewellery
 g - a ring of positive energy (left claw)
Wands
 d - a wand of roots (21)
 m - a wand of flame (7)
Scrolls
 e - 2 scrolls of identify
 j - 2 scrolls of teleportation
 k - a scroll of vulnerability
 l - a scroll of enchant armour
 r - a scroll of blinking
Potions
 b - 3 potions of lignification
 c - a potion of heal wounds
 f - 2 potions of curing
 i - a potion of brilliance
 n - a potion of haste
 p - 2 potions of resistance


   Skills:
 - Level 1.4 Fighting
 - Level 2.0 Dodging
 - Level 5.9 Unarmed Combat
 + Level 2.3 Spellcasting
 + Level 2.8 Transmutations


You had 8 spell levels left.
You knew the following spells:

 Your Spells              Type           Power      Damage    Failure   Level
a - Beastly Appendage     Tmut           12%        N/A       11%         1

Your spell library contained the following spells:

 Spells                   Type           Power      Damage    Failure   Level
 Wereblood                Tmut           6%         N/A       16%         2
 Magic Dart               Conj           4%         1d3       32%         1
 Call Imp                 Summ           1%         N/A       43%         2
 Spider Form              Tmut/Pois      3%         N/A       47%         3
 Mephitic Cloud           Conj/Pois/Air  1%         N/A       67%         3
 Ice Form                 Ice/Tmut       3%         N/A       87%         4


Dungeon Overview and Level Annotations

Branches:
Dungeon (4/15)
 Temple: D:4-7

Altars:
Uskayaw


Innate Abilities, Weirdness & Mutations

You are too large for most types of armour.
You have claws for hands.
Your natural rate of healing is unusually fast.
You are covered in fur. (AC +1)
You have tough skin. (AC +1)


Message History

The gnoll sergeant freezes you.
You scratch the gnoll sergeant but do no damage.
The gnoll sergeant is lightly wounded.
The gnoll sergeant hits you with a +2 spear of freezing.
The gnoll sergeant freezes you.
You barely miss the gnoll sergeant.
The gnoll sergeant is lightly wounded.
You claw the gnoll sergeant!
The gnoll sergeant is moderately wounded.
The gnoll sergeant hits you with a +2 spear of freezing.
The gnoll sergeant freezes you.
You scratch the gnoll sergeant.
The gnoll sergeant is heavily wounded.
The gnoll sergeant hits you with a +2 spear of freezing.
The gnoll sergeant freezes you.
You claw the gnoll sergeant!
The gnoll sergeant is severely wounded.
The gnoll sergeant hits you but does no damage.
You scratch the gnoll sergeant but do no damage.
The gnoll sergeant is severely wounded.
The gnoll sergeant hits you with a +2 spear of freezing.
The gnoll sergeant freezes you.
You scratch the gnoll sergeant but do no damage.
The gnoll sergeant is severely wounded.
The gnoll sergeant hits you with a +2 spear of freezing.
The gnoll sergeant freezes you.
You scratch the gnoll sergeant.
The gnoll sergeant is almost dead.
The gnoll sergeant hits you with a +2 spear of freezing.
The gnoll sergeant freezes you.
You scratch the gnoll sergeant but do no damage.
The gnoll sergeant is almost dead.
The gnoll sergeant hits you with a +2 spear of freezing!
* * * LOW HITPOINT WARNING * * *
The gnoll sergeant freezes you.
* * * LOW HITPOINT WARNING * * *
You closely miss the gnoll sergeant.
The gnoll sergeant is almost dead.
The gnoll sergeant hits you with a +2 spear of freezing!
You die...

.................#...###.........
..[..##.....<...####.####.......#
.....##........##.#...# #.......#
.....##..............## ####....#
....##.............### ####..
............##...).# ##.
............###.>### #..)..# #.
............# #))## ♣ ..g.. ♣##
#...........# ##@.##♣. .$g.. .♣##
##..........###.g..#♣.###'###.♣#.
###.........#......#♣........)♣#.
##..........#...#### ♣..♣....♣ #.
###..##.........# ♣)..♣.♣ #.
..#..........#.## ### ♣..g..♣ ##.
..............>.###.##♣♣.g.♣♣##..
....####..##.....#...##♣..)♣##...
....# ##.##..........#♣♣g♣♣#....


You could see a gnoll sergeant.

Vanquished Creatures
  Sigmund (D:3)
  A gnoll bouda (D:4)
  Crazy Yiuf (D:3)
  An iguana (D:4)
  Ijyb (D:3)
  13 gnolls
  2 adders (D:4)
  An ufetubus (D:3)
  A worm (D:2)
  2 dart slugs
  6 orcs
  6 endoplasms
  3 giant cockroaches
  9 goblins
  2 hobgoblins
  4 jackals
  5 kobolds
  6 quokkas
  4 ball pythons
  8 bats
  2 frilled lizards (D:1)
  8 rats
87 creatures vanquished.

Vanquished Creatures (others)
  A kobold (D:4)
1 creature vanquished.

Grand Total: 88 creatures vanquished

Notes
Turn   | Place    | Note
-------+----------+-------------------------------------------
     0 | D:1      | Doomgape the Troll Transmuter began the quest for the Orb.
     0 | D:1      | Reached XP level 1. HP: 18/18 MP: 1/1
   112 | D:1      | Reached skill level 1 in Fighting
   115 | D:1      | Reached XP level 2. HP: 26/27 MP: 3/3
   770 | D:2      | Reached XP level 3. HP: 12/33 MP: 4/4
  1000 | D:2      | Reached XP level 4. HP: 41/41 MP: 5/5
  1089 | D:2      | Found a faded altar of an unknown god.
  1644 | D:3      | Noticed Ijyb
  1666 | D:3      | Killed Ijyb
  1667 | D:3      | Reached skill level 4 in Unarmed Combat
  1734 | D:3      | Noticed Sigmund
  1759 | D:3      | Killed Sigmund
  1760 | D:3      | Reached skill level 5 in Unarmed Combat
  1760 | D:3      | Reached XP level 5. HP: 32/48 MP: 6/6
  1760 | D:3      | Reached XP level 6. HP: 37/55 MP: 7/7
  2090 | D:3      | Found a runed translucent door.
  2091 | D:3      | Noticed Crazy Yiuf
  2101 | D:3      | Killed Crazy Yiuf
  2554 | D:4      | Found a hide-covered altar of Uskayaw.
  2747 | D:4      | Found the +3 woodcutter's axe {vorpal}
  2908 | D:4      | Slain by a gnoll sergeant

Illustrated notes

Levels and vault maps discovered:
D:1:      dpeg_arrival_shelter, layout_basic
D:2:      layout_basic, chequers_ecumenical_altar_twisty
D:3:      layout_loops_ring, uniq_crazy_yiuf_cottage, uniq_sigmund, uniq_ijyb
D:4:      layout_cave_pools, nicolae_uskayaw_dance_hall,
          pf_guarded_unrand_woodcutter

Skill      XL: |  1  2  3  4  5  6 |
---------------+-------------------+-----
Fighting       | 1 |  1.4
Dodging        | 2 |  2.0
Unarmed Combat | 5 |  5.9
Transmutations | 2 |  2.8
Spellcasting   | 2 |  2.3

Action                   |  1- 3 |  4- 6 || total
-------------------------+-------+-------++-------
Melee: Unarmed           |    88 |   167 ||   255
       Punch             |     2 |     7 ||     9
Evoke: Wand              |       |     6 ||     6
  Use: Scroll            |       |    15 ||    15
       Potion            |       |     3 ||     3
 Stab: Sleeping          |     2 |     1 ||     3
Armor: Robe              |    48 |    51 ||    99
Dodge: Dodged            |    46 |    67 ||   113
